 Dungeon Crawl Stone Soup version 0.29.1-12-g30fa7ad0bf (webtiles) character file.

Game seed: 15809026750520866298

242 Linkola the Magician (level 5, 0/28 HPs)
             Began as a Deep Elf Air Elementalist on Dec 13, 2022.
             Killed by their own static electricity (3 damage)
             ... on level 4 of the Dungeon.
             The game lasted 00:07:21 (3387 turns).

Linkola the Magician (Deep Elf Air Elementalist)    Turns: 3387, Time: 00:07:21

Health: 0/28       AC: -1    Str:  7    XL:     5   Next: 81%
Magic:  7/13       EV: 13    Int: 20    God:
Gold:   193        SH:  0    Dex: 15    Spells: 2/12 levels left

rFire   . . .      SeeInvis .   (no weapon)
rCold   . . .      Faith    .   (no shield)
rNeg    + . .      Spirit   .   a - +0 robe
rPois   .          Reflect  .   (no helmet)
rElec   .          Harm     .   (no cloak)
rCorr   .          Rampage  .   c - +0 pair of gloves
Will    .....                   (no boots)
Stlth   ++........              (no amulet)
HPRegen 0.09/turn               h - ring of positive energy
MPRegen 0.13/turn               (no ring)

@: corroded, very slightly contaminated
A: no striking features
a: no special abilities


You were on level 4 of the Dungeon.
You visited 1 branch of the dungeon, and saw 4 of its levels.

You collected 193 gold pieces.

Inventory:

Armour
 a - a +0 robe (worn)
 c - a +0 pair of gloves (worn)
Jewellery
 h - a ring of positive energy (left hand)
Wands
 i - a wand of iceblast (9)
Scrolls
 k - a scroll of fear {unknown}
 l - a scroll of amnesia {unknown}
 m - a scroll of enchant armour {unknown}
Potions
 b - 3 potions of magic
 d - 2 potions of haste {unknown}
 e - a potion of curing {unknown}
 f - a potion of cancellation {unknown}
 g - 2 potions of flight {unknown}
 j - a potion of ambrosia {unknown}


   Skills:
 + Level 2.7 Dodging
 + Level 3.1 Stealth
 + Level 0.3 Unarmed Combat
 + Level 4.4 Spellcasting
 + Level 2.6 Conjurations
 + Level 4.3 Air Magic
 * Level 2.3 Poison Magic
 * Level 0.8 Evocations


You had 2 spell levels left.
You knew the following spells:

 Your Spells              Type           Power      Damage    Failure   Level
a - Shock                 Conj/Air       72%        1d7       3%          1
b - Static Discharge      Conj/Air       18%        3-6/arc   4%          2
c - Swiftness             Air            21%        N/A       6%          3
d - Airstrike             Air            10%        2d(2-18)  21%         4

Your spell library contained the following spells:

 Spells                   Type           Power      Damage    Failure   Level


Dungeon Overview and Level Annotations

Branches:
Dungeon (4/15)
 Temple: D:4-7

Altars:


Message History

The iguana is severely wounded.
A jelly comes into view.
Casting: Shock (safe; 3% risk of failure)
Confirm with . or Enter, or press ? or * to list all spells.
The iguana is struck by an arc of lightning!
You kill the iguana!
You are struck by an arc of lightning.
The jelly quivers.
You climb upwards.
There is a stone staircase leading down here.
You start resting.
Your magical contamination has completely faded away.
You start resting.
HP restored.
You start resting.
Magic restored.
You climb downwards.
The jelly hits you. The acid corrodes you!
You are splashed with acid!
There is a stone staircase leading up here.
Casting: Static Discharge (safe; 4% risk of failure)
Confirm with . or Enter, or press ? or * to list all spells.
You miscast Static Discharge.
You are very lightly contaminated with residual magic.
Nothing appears to happen.
The jelly closely misses you.
Casting: Static Discharge (safe; 4% risk of failure)
Confirm with . or Enter, or press ? or * to list all spells.
The jelly is struck by an arc of lightning.
The jelly is moderately wounded.
You are struck by an arc of lightning.
The jelly is struck by an arc of lightning!
The jelly is almost dead.
You are struck by an arc of lightning.
The lightning grounds out.
The jelly hits you.
You are splashed with acid!
* * * LOW HITPOINT WARNING * * *
Casting: Static Discharge (safe; 4% risk of failure)
Confirm with . or Enter, or press ? or * to list all spells.
The jelly is struck by an arc of lightning.
You kill the jelly!
You are struck by an arc of lightning.
You die...

#######
##......#
##........
#.........
#.........
#.........
#.@.......
#.........
##........
#........
.........
.........
.........
#.........


There were no monsters in sight!

Vanquished Creatures
  2 scorpions (D:3)
  A jelly (D:4)
  An iguana (D:4)
  An orc wizard (D:3)
  2 adders
  3 worms (D:2)
  A dart slug (D:3)
  4 orcs (D:3)
  6 bats
  6 endoplasms
  2 giant cockroaches
  3 goblins (D:2)
  2 hobgoblins (D:1)
  2 jackals (D:3)
  5 kobolds
  2 quokkas
  A ball python (D:3)
  4 frilled lizards
  4 rats
52 creatures vanquished.

Notes
Turn   | Place    | Note
-------+----------+-------------------------------------------
     0 | D:1      | Linkola the Deep Elf Air Elementalist began the quest for
                  | the Orb.
     0 | D:1      | Reached XP level 1. HP: 10/10 MP: 6/6
   468 | D:1      | Reached XP level 2. HP: 15/15 MP: 5/8
   857 | D:2      | Learned a level 2 spell: Static Discharge
  1121 | D:2      | Found a faded altar of an unknown god.
  1196 | D:2      | Reached skill level 1 in Poison Magic
  1503 | D:2      | Reached XP level 3. HP: 11/19 MP: 4/9
  2014 | D:3      | Learned a level 3 spell: Swiftness
  2042 | D:3      | Noticed a scorpion
  2048 | D:3      | Killed a scorpion
  2049 | D:3      | Reached XP level 4. HP: 21/24 MP: 2/11
  2397 | D:3      | Reached XP level 5. HP: 28/28 MP: 9/13
  2432 | D:3      | Learned a level 4 spell: Airstrike
  3387 | D:4      | Killed from afar by themself

Illustrated notes

Levels and vault maps discovered:
D:1:      lightli_arrival_flooded_house, layout_loops_ring
D:2:      layout_rooms, ebering_ecumenical_altar_abandoned
D:3:      layout_loops_corners, grunt_decor_arrowhead
D:4:      layout_rooms, overflow_temple_1_default

Skill      XL: |  1  2  3  4 |
---------------+-------------+-----
Poison Magic   | 1 2 |  2.3
Stealth        | 3 |  3.1
Conjurations   | 2 |  2.6
Air Magic      | 4 |  4.3
Spellcasting   | 4 |  4.4
Dodging        | |  2.7
Unarmed Combat | |  0.3
Evocations     | |  0.8

Action                   |  1- 3 |  4- 6 || total
-------------------------+-------+-------++-------
Melee: Unarmed           |    15 |       ||    15
 Cast: Shock             |    72 |    39 ||   111
       Static Discharge  |     6 |     4 ||    10
       Airstrike         |       |     1 ||     1
  Use: Scroll            |     2 |       ||     2
Armor: Robe              |     3 |     2 ||     5
Dodge: Dodged            |    11 |     3 ||    14
